 Dungeon Crawl Stone Soup version 0.28-a0-556-gab23d0e057 (webtiles) character file.

Game seed: 8678330278300200901

751 meatgazer the Agent of Entropy (level 7, 0/57 HPs)
             Began as a Demonspawn Abyssal Knight on Sept 28, 2021.
             Was a Priest of Lugonu.
             Slain by Edmund (6 damage)
             ... on level 5 of the Dungeon.
             The game lasted 00:08:36 (7359 turns).

meatgazer the Agent of Entropy (DsAK)               Turns: 7359, Time: 00:08:37

Health: 0/57       AC:  9    Str: 15    XL:     7   Next: 49%
Magic:  12/12      EV:  9    Int: 11    God:    Lugonu [***...]
Gold:   68         SH:  5    Dex: 14    Spells: 6/6 levels left

rFire   . . .      SeeInvis +   a - +1 falchion (freeze)
rCold   . . .      Faith    .   (no shield)
rNeg    . . .      Spirit   .   e - +0 scale mail
rPois   .          Reflect  +   (no helmet)
rElec   .          Harm     .   (no cloak)
rCorr   +          Rampage  .   (no gloves)
Will    .....                   (no boots)
Stlth   ..........              h - amulet of reflection
HPRegen 0.19/turn               g - ring of see invisible
MPRegen 0.13/turn               l - ring of resist corrosion

@: no status effects
A: claws 1, molten scales 2
a: Renounce Religion, Depart the Abyss, Bend Space, Banish


You were on level 5 of the Dungeon.
You worshipped Lugonu.
Lugonu was most pleased with you.
You visited 1 branch of the dungeon, and saw 5 of its levels.
You visited the Abyss 1 time.

You collected 125 gold pieces.
You spent 57 gold pieces at shops.

Inventory:

Hand Weapons
 a - a +1 falchion of freezing (weapon)
Missiles
 f - a throwing net
Armour
 e - a +0 scale mail (worn)
Jewellery
 g - a ring of see invisible (left claw)
 h - an amulet of reflection (around neck)
 l - a ring of resist corrosion (right claw)
Wands
 j - a wand of paralysis (13)
 q - a wand of acid (8)
Scrolls
 d - 3 scrolls of identify
 i - a scroll of fear
 k - a scroll of teleportation
 m - a scroll of blinking
 n - a scroll of amnesia
Potions
 c - 3 potions of haste
 o - a potion of cancellation
 p - a potion of brilliance


   Skills:
 * Level 5.8 Fighting
 * Level 4.0 Long Blades
 - Level 2.1 Armour
 - Level 1.0 Dodging
 + Level 7.0 Invocations


You had 6 spell levels left.
You didn't know any spells.
Your spell library contained the following spells:

 Spells                   Type           Power      Damage    Failure   Level
 Magic Dart               Conj           0%         1d3       80%         1
 Summon Small Mammal      Summ           0%         N/A       80%         1
 Searing Ray              Conj           0%         2d4       91%         2
 Call Canine Familiar     Summ           0%         N/A       99%         3
 Ozocubu's Armour         Ice            0%         N/A       99%         3
 Summon Guardian Golem    Hex/Summ       0%         N/A       99%         3
 Fulminant Prism          Conj/Hex       0%         3d6       100%        4
 Ozocubu's Refrigeration  Ice            0%         4d5       100%        7


Dungeon Overview and Level Annotations

Branches:
Dungeon (5/15)             Temple (0/1) D:4

Altars:

Shops:
D:3 *   D:4 *

Portals:
Abyss: D:4

Annotations:
D:4 2 transporters, Maimakterion's ghost, amateur DEFE
D:5 Edmund


Innate Abilities, Weirdness & Mutations

You have sharp fingernails.
You are mostly covered in molten scales. (AC +3)


Message History

You barely miss Edmund.
Edmund is heavily wounded.
Edmund completely misses you.
You hit Edmund. You freeze Edmund.
Edmund is severely wounded.
Edmund closely misses you.
You barely miss Edmund.
Edmund is severely wounded.
Edmund misses you.
You hit Edmund. You freeze Edmund.
Edmund is severely wounded.
Edmund barely misses you. x2
You hit Edmund. You freeze Edmund.
Edmund is severely wounded.
Edmund hits you but does no damage.
You hit Edmund but do no damage.
Edmund is severely wounded.
You block Edmund's attack.
You barely miss Edmund.
Edmund is severely wounded.
Edmund hits you with a +2 flail of protection!
You hit Edmund but do no damage.
Edmund is severely wounded.
Edmund closely misses you.
You hit Edmund but do no damage.
Edmund is severely wounded.
Edmund hits you with a +2 flail of protection!
* * * LOW HITPOINT WARNING * * *
You hit Edmund but do no damage.
Edmund is severely wounded.
Edmund hits you with a +2 flail of protection.
* * * LOW HITPOINT WARNING * * *
You hit Edmund but do no damage.
Edmund is severely wounded.
Edmund hits you with a +2 flail of protection.
* * * LOW HITPOINT WARNING * * *
You barely miss Edmund.
Edmund is severely wounded.
Edmund hits you with a +2 flail of protection.
You die...

#..........
#.########. #.# #.
#.# #. #.# #. #.# #.
########## #.# #.
.........#########.#
#.
.........n@@.......#
#.
.........###########
#. .........# #.
.........# #.
.....n...# #.
.........+ > #.
.........#
...###########.
..........
..o........)...
..[)......
..#.....######


You could see Edmund and a necrophage.

Vanquished Creatures
  Sigmund (D:2)
  A wyvern (D:4)
  A black bear (D:4)
  A kobold brigand (D:4)
  An orc priest (D:3)
  Natasha (D:2)
  A hound skeleton (D:5)
  8 gnolls
  2 adders (D:4)
  3 ufetubi
  An adder zombie (D:5)
  A worm (D:2)
  A dart slug (D:1)
  13 orcs
  6 endoplasms
  3 giant cockroaches
  8 goblins
  11 hobgoblins
  24 kobolds
  2 quokkas
  11 ball pythons
  6 bats
  4 frilled lizards
  3 rats
114 creatures vanquished.

Vanquished Creatures (others)
  A kobold (D:4)
  46 plants (D:4)
47 creatures vanquished.

Grand Total: 161 creatures vanquished

Notes
Turn   | Place    | Note
-------+----------+-------------------------------------------
     0 | Abyss:1  | meatgazer the Demonspawn Abyssal Knight began the quest for
                  | the Orb.
     0 | Abyss:1  | Reached XP level 1. HP: 18/18 MP: 2/2
    91 | Abyss:2  | Noticed a raiju
   128 | Abyss:2  | Noticed a rakshasa
   129 | Abyss:2  | Noticed an angel
   130 | D:1      | Escaped the Abyss
   363 | D:1      | Reached skill level 1 in Dodging
   392 | D:1      | Reached * piety under Lugonu
   554 | D:1      | Gained mutation: You are partially covered in molten
                  | scales. (AC +2) [demonic ancestry]
   554 | D:1      | Reached XP level 2. HP: 24/24 MP: 4/4
   688 | D:1      | Reached skill level 3 in Invocations
  1108 | D:1      | Reached XP level 3. HP: 27/29 MP: 5/5
  1491 | D:1      | Found a faded altar of an unknown god.
  2166 | D:2      | Gained mutation: You have sharp fingernails. [demonic
                  | ancestry]
  2166 | D:2      | Reached XP level 4. HP: 8/37 MP: 6/6
  2545 | D:2      | Noticed Sigmund
  2560 | D:2      | Killed Sigmund
  2560 | D:2      | Reached ** piety under Lugonu
  2561 | D:2      | Reached skill level 4 in Invocations
  2561 | D:2      | Gained mutation: You are mostly covered in molten scales.
                  | (AC +3) [demonic ancestry]
  2561 | D:2      | Reached XP level 5. HP: 17/43 MP: 6/8
  3178 | D:2      | Noticed Natasha
  3190 | D:2      | Killed Natasha
  3191 | D:2      | Reached skill level 5 in Fighting
  3191 | D:2      | Reached XP level 6. HP: 25/51 MP: 9/9
  4299 | D:3      | Found Ynaimotri's Assorted Antiques.
  4303 | D:3      | Bought a scroll labelled LAKEOGHEGE for 19 gold pieces
  4303 | D:3      | Bought 2 scrolls labelled TAET TABUITWUHOE for 38 gold
                  | pieces
  4985 | D:4      | Found a staircase to the Ecumenical Temple.
  5059 | D:4      | Reached skill level 5 in Invocations
  5637 | D:4      | Found Ofiggur's Overcharged Wands.
  5638 | D:4      | Noticed a wyvern
  5655 | D:4      | Killed a wyvern
  5656 | D:4      | Reached skill level 6 in Invocations
  5656 | D:4      | Reached XP level 7. HP: 20/56 MP: 11/11
  6590 | D:4      | Found a transporter.
  6597 | D:4      | Found a one-way gate to the infinite horrors of the Abyss.
  6609 | D:4      | Found a transporter.
  7161 | D:4      | Noticed Maimakterion's ghost (amateur DEFE)
  7203 | D:5      | Entered Level 5 of the Dungeon
  7266 | D:5      | Reached *** piety under Lugonu
  7282 | D:5      | Reached skill level 7 in Invocations
  7326 | D:5      | Noticed Edmund
  7359 | D:5      | Slain by Edmund

Illustrated notes

Levels and vault maps discovered:
D:1:      dpeg_arrival_windows_large_door, layout_loops_corners,
          dreamdust_ecumenical_altar_sealed_demon
D:2:      layout_basic, uniq_sigmund, uniq_natasha
D:3:      layout_loops_ring, serial_shops, shop
D:4:      kennysheep_kobold_camp, layout_rooms, minmay_temple_entry_overgrown,
          gammafunk_ghost_abyssal_escape, minmay_misc_feat_enclosed,
          nicolae_shop_overcharged_wands
D:5:      wad_pebble_path, layout_basic, nicolae_overflow_crystal_walls,
          uniq_ijyb, uniq_edmund, uniq_crazy_yiuf_cottage

Skill      XL: |  1  2  3  4  5  6  7 |
---------------+----------------------+-----
Dodging        | 1 |  1.0
Armour         | 2 |  2.1
Long Blades    | 2 3 4 |  4.0
Invocations    | 3 4 6 7 |  7.0
Fighting       | 4 5 |  5.8

Action                   |  1- 3 |  4- 6 |  7- 9 || total
-------------------------+-------+-------+-------++-------
Melee: Falchion          |   117 |   144 |   113 ||   374
Invok: Depart the Abyss  |     1 |       |       ||     1
  Use: Scroll            |     3 |     5 |     3 ||    11
       Potion            |     3 |     3 |     1 ||     7
Armor: Scale mail        |    59 |    75 |    35 ||   169
Dodge: Dodged            |    68 |    54 |    39 ||   161
Block: Other             |     9 |    43 |    26 ||    78
       Reflection        |       |     1 |     3 ||     4

Table legend: (Time is in decaauts)
 A = Elapsed time spent in this place.
 B = Non-inter-level travel time spent in this place.
 C = Inter-level travel time spent in this place.
 D = Time resting spent in this place.
 E = Time spent auto-exploring this place.
 F = Levels seen in this place.
 G = Mean time per level.
                   A        B        C        D        E       F      G
               +--------+--------+--------+--------+--------+-----+--------+
         Total |   7414 |   7296 |    118 |   3457 |   2953 |   7 | 1059.1 |
       Dungeon |   7285 |   7167 |    118 |   3457 |   2879 |   5 | 1457.0 |
         Abyss |    129 |    129 |      0 |      0 |     74 |   2 |   64.5 |
               +--------+--------+--------+--------+--------+-----+--------+

Top non-repeatable levels by time:
     D:4: 2237 daAuts
     D:1: 1868 daAuts
     D:2: 1800 daAuts
     D:3: 1218 daAuts
     D:5: 160 daAuts
 Abyss:2: 85 daAuts
 Abyss:1: 44 daAuts
